 Dungeon Sprint DCSS version 0.17-a0-1646-geb1493d (webtiles) character file.

2051 Kidiri the Unseen (level 9, -24/37 (39) HPs)
             Began as a Spriggan Enchanter on Aug 11, 2015.
             Was an Initiate of Dithmenos.
             Annihilated by a crystal guardian (29 damage)
             ... in the Dungeon (Sprint II: "The Violet Keep of Menkaure").
             The game lasted 00:09:10 (976 turns).

Kidiri the Unseen (Spriggan Enchanter)               Turns: 976, Time: 00:09:10

HP:   -24/37 (39)   AC:  3    Str:  4    XL:     9   Next: 4%
MP:   3/25          EV: 31    Int: 18    God:    Dithmenos [......]
Gold: 338           SH:  0    Dex: 18    Spells: 9 memorised, 0 levels left

rFire  . . .     SeeInvis +     a - +1 dagger
rCold  . . .     Clarity  .     b - +1 robe
rNeg   . . .     SustAt   .     (shield restricted)
rPois  .         Gourm    .     (helmet restricted)
rElec  .         Spirit   .     (no cloak)
rCorr  .         Warding  .     (gloves unavailable)
rMut   .         NoTele   +     (boots unavailable)
MR     +....                    (no amulet)
Stlth  +++++++...               (no ring)
                                (no ring)

@: very slightly contaminated, very quick, somewhat resistant to hostile
enchantments, extremely stealthy
A: unfitting armour, see invisible, herbivore 3, speed 3, slow metabolism 2
a: Renounce Religion


You were in the Dungeon.
You worshipped Dithmenos.
Dithmenos was noncommittal.
You were not hungry.

You visited 1 branch You collected 1053 gold pieces.
You spent 715 gold pieces at shops.

Inventory:

Hand weapons
 a - a +1 dagger (weapon)
Armour
 b - a +1 robe (worn)
Scrolls
 i - a scroll of identify {unknown}
 j - a scroll of blinking
Potions
 e - a potion of curing
 f - a potion of heal wounds
 g - a potion of haste
 h - 2 potions of magic
Books
 c - a book of Maledictions

   Spells                             Type                      Level
   a - Corona                         Hexes                        1
   b - Ensorcelled Hibernation        Hexes/Ice                    2
   c - Confuse                        Hexes                        3
   d - Tukima's Dance                 Hexes                        3
   e - Dazzling Spray                 Conjuration/Hexes            3
 k - a book of Transfigurations

   Spells                             Type                      Level
   a - Stoneskin                      Transmutation/Earth          2
   b - Irradiate                      Conjuration/Transmutation    5
   c - Statue Form                    Transmutation/Earth          6
   d - Hydra Form                     Transmutation                6
   e - Dragon Form                    Transmutation                7
Comestibles
 d - a bread ration


   Skills:
 + Level 7.6 Short Blades
 * Level 13.9 Dodging
 * Level 15.1 Stealth
 * Level 11.9 Spellcasting
 + Level 0.0 Conjurations
 + Level 9.2 Hexes
 + Level 0.0 Transmutations
 + Level 4.1 Ice Magic
 + Level 0.0 Earth Magic
 + Level 0.0 Invocations


You couldn't memorise any spells.
You knew the following spells:

 Your Spells              Type           Power        Failure   Level  Hunger
a - Corona                Hex            #####..      1%          1    None
b - Ensorcelled Hibernat  Hex/Ice        ####..       1%          2    None
c - Confuse               Hex            #####...     1%          3    None
d - Tukima's Dance        Hex            #####...     1%          3    None
e - Dazzling Spray        Conj/Hex       ####....     2%          3    None
f - Stoneskin             Trmt/Erth      ##......     12%         2    None
g - Irradiate             Conj/Trmt      ##........   99%         5    ####...
h - Hydra Form            Trmt           ##........   100%        6    ######.
i - Statue Form           Trmt/Erth      ##.......    100%        6    ######.


Dungeon Overview and Level Annotations

Branches:
Dungeon (1/1)

Altars:
Cheibriados
Dithmenos
Elyvilon
Fedhas
Gozag
Kikubaaqudgha
Makhleb
Nemelex Xobeh
Okawaru
Qazlal
Ru
Sif Muna
Trog
Vehumet
Xom
Yredelemnul
Zin
The Shining One
Beogh
Jiyva
Lugonu

Shops:
D :}?[=[[%!=(*!=:?

Annotations:
D exclusion: oklob plant


Innate Abilities, Weirdness & Mutations

You are tiny and cannot use many weapons and most armour.
You have supernaturally acute eyesight.
You are a herbivore.
You cover ground extremely quickly.
You need consume almost no food.


Message History

Press: ? - help, Shift-Dir - straight line, f/p - crystal guardian
Aim: a crystal guardian You miscast Dazzling Spray.
Wisps of smoke drift from your hands.
The death drake bites the crystal guardian but does no damage.
The crystal guardian completely misses you.
Casting: Dazzling Spray
Confirm with . or Enter, or press ? or * to list all spells.
Aiming: Dazzling Spray
Press: ? - help, Shift-Dir - straight line, f - death drake, p - crystal guardian
Aim: a death drake (moderately wounded, confused, blind)
The spray of energy hits the crystal guardian.
The crystal guardian is lightly damaged.
The crystal guardian hits you!!
Ouch! That really hurt!
* * * LOW HITPOINT WARNING * * *
The death drake bites the crystal guardian but does no damage.
Unknown command.
You open the door. The crystal guardian hits you!!
Ouch! That really hurt!
You die...

###≈≈#+++#+++## ... ##
##≈≈≈.........# .. 8#
∩#≈≈≈≈÷##+##..# #. k#
.#≈≈≈≈###.###.#### +.##k#
.#≈≈≈≈#..#..#....# #..8####
.#≈≈####.#.####..## ##..##.#▓$(=!
.#≈##.###'###.##..# +..#..#▓?!!!
.#≈#...##.##.#.#..# #.k#.%#▓[??$
.+≈+##.'.<.'###'@.####.§##)#▓$))(
.#≈#.####.##.#.#.8..###...##▓▓▓▓▓
##≈##.###'###.##..k...≈≈≈≈≈≈≈≈≈≈≈
##≈≈####...####≈§....§≈#+########
##≈≈≈#..#..#≈≈≈§≈≈≈.§≈#_._.....#
#+#≈##.#.##≈≈§≈§≈≈≈.≈#._._....#
#%#≈≈##+##≈≈≈≈§§≈§§≈§#_._._...#
####≈≈≈≈≈≈≈≈§§§§≈§≈≈≈#._._._..#
#+++#+++#≈≈≈§≈≈≈≈≈#_._._.⌠.#


You could see a death drake (confused) and a crystal guardian.

Vanquished Creatures
  A yaktaur (D)
  3 polar bears (D)
  A blink frog (D)
  2 hippogriffs (D)
  Menkaure (D)
  4 necrophages (D)
  A wasp (D)
  2 crocodiles (D)
  4 worker ants (D)
  3 worms (D)
22 creatures vanquished.

Notes
Turn   | Place    | Note
--------------------------------------------------------------
     0 | D        | Kidiri the Spriggan Enchanter began the quest for the Orb.
     0 | D        | Reached XP level 1. HP: 9/9 MP: 5/5
     1 | D        | Noticed a worker ant
     1 | D        | Noticed a worker ant
     1 | D        | Noticed a worker ant
     1 | D        | Noticed a worker ant
     4 | D        | Noticed a hippogriff
     4 | D        | Noticed a hippogriff
     7 | D        | Noticed a necrophage
     7 | D        | Noticed a necrophage
     7 | D        | Noticed a necrophage
     7 | D        | Noticed a necrophage
    17 | D        | Killed a necrophage
    17 | D        | Reached skill level 6 in Dodging
    17 | D        | Reached skill level 7 in Stealth
    17 | D        | Reached skill level 5 in Spellcasting
    17 | D        | Reached skill level 5 in Hexes
    17 | D        | Reached XP level 2. HP: 13/13 MP: 4/9
    17 | D        | Reached XP level 3. HP: 16/16 MP: 4/11
    17 | D        | Reached XP level 4. HP: 21/21 MP: 4/12
    22 | D        | Killed a necrophage
    22 | D        | Reached skill level 8 in Dodging
    22 | D        | Reached skill level 9 in Stealth
    22 | D        | Reached XP level 5. HP: 24/24 MP: 4/15
    29 | D        | Killed a necrophage
    29 | D        | Reached skill level 10 in Stealth
    29 | D        | Reached XP level 6. HP: 26/26 MP: 5/17
    32 | D        | Killed a necrophage
    32 | D        | Reached skill level 5 in Short Blades
    32 | D        | Reached skill level 10 in Dodging
    32 | D        | Reached skill level 11 in Stealth
    45 | D        | Learned a level 2 spell: Ensorcelled Hibernation
    48 | D        | Noticed Menkaure
    48 | D        | Noticed an orange crystal statue
    49 | D        | Learned a level 3 spell: Confuse
    58 | D        | Learned a level 3 spell: Tukima's Dance
    62 | D        | Learned a level 3 spell: Dazzling Spray
    82 | D        | Killed Menkaure
    82 | D        | Reached skill level 1 in Ice Magic
   307 | D        | Killed a worker ant
   308 | D        | Killed a worker ant
   311 | D        | Killed a worker ant
   311 | D        | Reached skill level 12 in Stealth
   314 | D        | Killed a worker ant
   314 | D        | Reached XP level 7. HP: 30/30 MP: 13/20
   458 | D        | Killed a hippogriff
   461 | D        | Killed a hippogriff
   461 | D        | Reached skill level 13 in Stealth
   461 | D        | Reached skill level 10 in Spellcasting
   496 | D        | Found Sexav's Book Emporium.
   497 | D        | Found Qamneluf's Jewellery Shoppe.
   497 | D        | Found Gytteoq's Distillery.
   497 | D        | Found Wasac's Jewellery Shoppe.
   497 | D        | Found Cacusil's Food Shoppe.
   497 | D        | Found Jyhix's Assorted Antiques.
   497 | D        | Found Luriul's Antique Armour Emporium.
   497 | D        | Found Keurch's Jewellery Shoppe.
   497 | D        | Found Axki's Antique Armour Emporium.
   497 | D        | Found Sifokk's Magic Scroll Shoppe.
   497 | D        | Found Daepp's Antique Weapon Emporium.
   516 | D        | Noticed a flying skull
   516 | D        | Noticed a flying skull
   517 | D        | Noticed a flying skull
   517 | D        | Noticed a flying skull
   517 | D        | Noticed a flying skull
   518 | D        | Noticed a flying skull
   518 | D        | Noticed a flying skull
   518 | D        | Noticed a flying skull
   518 | D        | Noticed a flying skull
   518 | D        | Noticed a crocodile
   520 | D        | Killed a crocodile
   523 | D        | Noticed a flying skull
   565 | D        | Found Durang's Distillery.
   568 | D        | Found Zoquhush's Antique Armour Emporium.
   569 | D        | Noticed a blink frog
   571 | D        | Killed a blink frog
   571 | D        | Reached XP level 8. HP: 34/34 MP: 21/23
   581 | D        | Found Rahuqod's Magic Scroll Shoppe.
   581 | D        | Found Jocisk's Gadget Emporium.
   582 | D        | Noticed a polar bear
   585 | D        | Noticed a polar bear
   585 | D        | Noticed an oklob plant
   585 | D        | Noticed a shining eye
   586 | D        | Noticed a shining eye
   586 | D        | Found Rusm's Book Shoppe.
   588 | D        | Noticed a shining eye
   595 | D        | Noticed a redback
   660 | D        | Found an opulent altar of Gozag.
   660 | D        | Found a glowing silver altar of Zin.
   661 | D        | Found a viscous altar of Jiyva.
   661 | D        | Found a roughly hewn altar of Beogh.
   661 | D        | Found a sacrificial altar of Ru.
   662 | D        | Found a radiant altar of Vehumet.
   662 | D        | Found a stormy altar of Qazlal.
   662 | D        | Found a white marble altar of Elyvilon.
   663 | D        | Found an ancient bone altar of Kikubaaqudgha.
   663 | D        | Found a sparkling altar of Nemelex Xobeh.
   663 | D        | Found a blossoming altar of Fedhas.
   663 | D        | Found a corrupted altar of Lugonu.
   664 | D        | Found a basalt altar of Yredelemnul.
   664 | D        | Found a deep blue altar of Sif Muna.
   665 | D        | Noticed a crocodile
   665 | D        | Found a glowing golden altar of the Shining One.
   665 | D        | Found a burning altar of Makhleb.
   667 | D        | Found a bloodstained altar of Trog.
   667 | D        | Found an iron altar of Okawaru.
   668 | D        | Found a shimmering altar of Xom.
   668 | D        | Found a snail-covered altar of Cheibriados.
   668 | D        | Noticed a polar bear
   669 | D        | Killed a crocodile
   674 | D        | Noticed a yaktaur
   674 | D        | Noticed a wasp
   675 | D        | Noticed a polar bear
   675 | D        | Noticed a polar bear
   676 | D        | Killed a polar bear
   676 | D        | Reached skill level 14 in Stealth
   691 | D        | Killed a polar bear
   693 | D        | Killed a wasp
   699 | D        | Killed a polar bear
   703 | D        | Killed a yaktaur
   703 | D        | Reached skill level 15 in Stealth
   703 | D        | Reached XP level 9. HP: 22/37 MP: 9/25
   833 | D        | Found a shadowy altar of Dithmenos.
   847 | D        | Noticed a crocodile
   848 | D        | Noticed a flying skull
   848 | D        | Noticed a flying skull
   852 | D        | Became a worshipper of Dithmenos the Shadowed
   864 | D        | Noticed a death drake
   864 | D        | Noticed a swamp drake
   869 | D        | Noticed a crystal guardian
   869 | D        | Noticed a swamp drake
   871 | D        | Noticed a death drake
   906 | D        | Bought a book of Transfigurations for 715 gold pieces
   909 | D        | Learned a level 2 spell: Stoneskin
   915 | D        | Learned a level 5 spell: Irradiate
   922 | D        | Learned a level 6 spell: Hydra Form
   929 | D        | Learned a level 6 spell: Statue Form
   976 | D        | Annihilated by a crystal guardian

Vault maps used:
D:        the_violet_keep_of_menkaure

Action                   |  1- 3 |  4- 6 |  7- 9 || total
-------------------------+-------+-------+-------++-------
Melee: Dagger            |     7 |    35 |    29 ||    71
 Cast: Corona            |     1 |       |       ||     1
       Ensorcelled Hiber |       |     3 |     7 ||    10
       Confuse           |       |     1 |     4 ||     5
       Dazzling Spray    |       |       |     5 ||     5
  Use: Potion            |     1 |       |       ||     1
 Stab: Sleeping          |       |     4 |    11 ||    15
       Confused          |       |       |     3 ||     3
       Fleeing           |       |       |     1 ||     1
